 Dungeon Crawl Stone Soup version 0.32-a0-928-g1cae6b7ea0 (webtiles) character file.

Game seed: 8719064955885220426

541 MachoJfn the Chopper (level 7, -8/52 HPs)
             Began as a Coglin Fighter on Apr 10, 2024.
             Mangled by a troll (13 damage)
             ... on level 5 of the Dungeon on Apr 12, 2024.
             The game lasted 00:10:52 (5191 turns).

MachoJfn the Chopper (Coglin Fighter)               Turns: 5191, Time: 00:10:53

Health: -8/52      AC: 14    Str: 21    XL:     7   Next: 26%
Magic:  7/7        EV:  5    Int:  8    God:
Gold:   299        SH: 12    Dex: 13    Spells: 6/6 levels left

rFire   . . .        a - +0 war axe {Somchit}
rCold   . . .        i - +0 tower shield
rNeg    . . .        v - +0 chain mail
rPois   .            b - +1 helmet of Jyiluill {Str+3 Stlth+}
rElec   .            n - +0 cloak
rCorr   .            f - +1 pair of gloves
SInv    .            (no boots)
Will    .....        (amulet unavailable) Stlth
                     (ring unavailable)
HPRegen 0.28/turn    (ring unavailable)
MPRegen 0.10/turn    (no gizmo)

%: no passive effects
@: revved
A: off-hand wielding, slow wielding, warmup strikes, no jewellery
a: Invent Gizmo


You were on level 5 of the Dungeon.
You visited 1 branch of the dungeon, and saw 5 of its levels.

You collected 299 gold pieces.

Inventory:

Hand Weapons
 a - a +0 war axe (weapon) {Somchit}
Missiles
 k - 46 stones (quivered)
 l - 5 poisoned darts
Armour
 b - the +1 helmet of Jyiluill (worn) {Str+3 Stlth+}
   (You acquired it on level 5 of the Dungeon)

   Str+3:     It affects your strength (+3).
   Stlth+:    It makes you more stealthy.
 f - a +1 pair of gloves (worn)
 i - a +0 tower shield (worn)
 n - a +0 cloak (worn)
 r - an orb of guile
 v - a +0 chain mail (worn)
Scrolls
 g - 2 scrolls of immolation
 p - 2 scrolls of teleportation {unknown}
 s - a scroll of enchant armour
Potions
 c - a potion of haste {unknown}
 d - 3 potions of might
 h - a potion of berserk rage {unknown}
 j - 2 potions of mutation {unknown}
 m - a potion of curing {unknown}
 o - 2 potions of lignification {unknown}
 q - a potion of heal wounds {unknown}
 u - a potion of degeneration {unknown}


   Skills:
 + Level 3.6 Fighting
 * Level 4.7(5.0) Axes
 * Level 1.7(3.3) Polearms
 + Level 4.0 Armour
 + Level 2.3 Dodging
 + Level 2.9 Shields


You had 6 spell levels left.
You didn't know any spells.
Your spell library contained the following spells:

 Spells                   Type           Power      Damage    Failure   Level
 Ensorcelled Hibernation  Hex/Ice        0%         N/A       100%        2
 Frozen Ramparts          Ice            0%         1d1       100%        3
 Fugue of the Fallen      Necr           0%         N/A       100%        3
 Ozocubu's Armour         Ice            0%         N/A       100%        3
 Sigil of Binding         Hex            0%         N/A       100%        3
 Anguish                  Hex/Necr       0%         N/A       100%        4
 Metabolic Englaciation   Hex/Ice        0%         N/A       100%        5
 Death Channel            Necr           0%         N/A       100%        6
 Sculpt Simulacrum        Ice/Alch       0%         N/A       100%        6


Dungeon Overview and Level Annotations

Branches:
Dungeon (5/15)
 Temple: D:4-7

Altars:
Nemelex Xobeh
Ru
Vehumet
Xom

Shops:
D:4 [


Innate Abilities, Weirdness & Mutations

You can wield a second weapon in your off-hand.
It takes a long time for you to wield or remove held weapons.
Your first few attacks do less damage.
You cannot equip rings or amulets.


Message History

You block the scorpion's attack.
The troll pulls away from the web.
The bat pulls away from the web.
You block the scorpion's attack.
You hit the scorpion.
You kill the scorpion!
You barely miss the bat.
The bat is caught in a web!
The bat hits you but does no damage.
The bat pulls away from the web.
The bat closely misses you.
Your Armour skill increases to level 4!
You closely miss the troll.
The bat evades a web. x2
You block the bat's attack. x2; The troll bites you but does no damage.
You block the troll's attack. x2; The bat hits you but does no damage.
The troll bites you! The troll claws you. The troll completely misses you.
You hit the troll but do no damage. You closely miss the bat.
You block the bat's attack. x2; You block the troll's attack.
The troll claws you! You block the troll's attack.
The bat hits you but does no damage. The troll bites you.
The troll claws you but does no damage. The troll claws you!
You barely miss the troll. You miss the bat. The bat barely misses you.
You block the bat's attack. You block the troll's attack. x2
The troll claws you but does no damage.
You slash the bat!
You kill the bat!
You closely miss the troll.
The bat is caught in a web!
The bat pulls away from the web.
You block the bat's attack. The troll bites you.
* * * LOW HITPOINT WARNING * * *
You block the troll's attack. x2; The bat barely misses you.
The troll bites you but does no damage. You block the troll's attack.
The troll claws you but does no damage.
You closely miss the bat. You closely miss the troll.
The bat hits you but does no damage. x2; You block the bat's attack.
The troll bites you.
* * * LOW HITPOINT WARNING * * *
The troll claws you.
* * * LOW HITPOINT WARNING * * *
The troll barely misses you.
You closely miss the troll. You slash the bat!
You kill the bat!
The bat evades a web.
You block the bat's attack. x2; The troll bites you!
You die...

#######.#####
######.......#....
## .
#........##....###
.### ^^
######.#...[......
...# #..
#.####....### .###
..### #.....>.#.#
.# ^..##
#.#####.#.### .#
#Tb####.# #.#....
.# #@#....#
#.##### ##
#...#### #.# #####
#.# ###########
#.# #.........#
###.#####
#.#######.#
#........
#.#######.#
#.#.####.
##.........#
#.#.##
.......##..# ###
######....##


You could see a troll and a bat.

Vanquished Creatures
  A scorpion (D:5)
  A bombardier beetle (D:4)
  A jelly (D:4)
  3 hounds
  An orc priest (D:4)
  4 iguanas
  A gnoll (D:1)
  10 adders
  A dart slug (D:1)
  5 ribbon worms
  7 orcs
  5 bats
  7 endoplasms
  3 giant cockroaches
  6 goblins
  8 hobgoblins
  6 jackals
  2 quokkas
  9 ball pythons
  5 frilled lizards
  6 kobolds
  8 rats
100 creatures vanquished.

Notes
Turn   | Place    | Note
-------+----------+-------------------------------------------
     0 | D:1      | MachoJfn the Coglin Fighter began the quest for the Orb.
     0 | D:1      | Reached XP level 1. HP: 18/18 MP: 1/1
    46 | D:1      | Reached XP level 2. HP: 24/24 MP: 2/2
   122 | D:1      | Reached XP level 3. HP: 25/29 MP: 3/3
   558 | D:2      | Reached XP level 4. HP: 16/35 MP: 4/4
  1899 | D:3      | Reached XP level 5. HP: 34/41 MP: 5/5
  2073 | D:3      | Found a sparkling altar of Nemelex Xobeh.
  2744 | D:3      | Reached skill level 1 in Dodging
  3223 | D:4      | Reached XP level 6. HP: 37/47 MP: 6/6
  3283 | D:4      | Reached skill level 1 in Polearms
  4043 | D:4      | Found a radiant altar of Vehumet.
  4100 | D:4      | Found a sacrificial altar of Ru.
  4101 | D:4      | Found a shimmering altar of Xom.
  4412 | D:4      | Found Oleor's Antique Armour Boutique.
  4633 | D:5      | Entered Level 5 of the Dungeon
  5001 | D:5      | Reached XP level 7. HP: 52/52 MP: 7/7
  5001 | D:5      | Upgraded the game from 0.32-a0-918-g0f22ef8d61 to
                  | 0.32-a0-928-g1cae6b7ea0
  5091 | D:5      | Identified a scroll of acquirement
  5091 | D:5      | Acquired the +1 helmet of Jyiluill {Str+3 Stlth+}
  5181 | D:5      | Noticed a troll
  5191 | D:5      | Mangled by a troll

Illustrated notes

Levels and vault maps discovered:
D:1:      dpeg_arrival_simpleton_b, layout_rooms
D:2:      layout_loops_ring, minmay_pentomino_t2
D:3:      layout_loops_corners, nemelex_xobeh_ov_fountains_minmay
D:4:      layout_layer_cave, chequers_temple_overflow_statue_of_worship,
          serial_shops, nicolae_shop_real_fake_doors, grunt_decor_resistance,
          nicolae_wormholes
D:5:      old_forge, layout_loops_corners

Skill      XL: |  1  2  3  4  5  6  7 |
---------------+----------------------+-----
Armour         | 3 4 |  4.0
Axes           | 3 4 |  4.7
Dodging        | 2 |  2.3
Polearms       | 1 |  1.7
Fighting       | |  3.6
Shields        | |  2.9

Action                     |  1- 3 |  4- 6 |  7- 9 || total
---------------------------+-------+-------+-------++-------
  Melee: War axe           |    71 |   221 |    13 ||   305
    Use: Scroll            |       |     2 |     1 ||     3
 Armour: Scale mail        |   108 |   158 |       ||   266
         Chain mail        |       |       |    22 ||    22
  Dodge: Dodged            |    29 |    48 |     5 ||    82
  Block: Buckler           |    16 |       |       ||    16
         Tower shield      |    36 |   191 |    28 ||   255

Table legend: (Time is in decaauts)
 A = Elapsed time spent in this place.
 B = Non-inter-level travel time spent in this place.
 C = Inter-level travel time spent in this place.
 D = Time resting spent in this place.
 E = Time spent auto-exploring this place.
 F = Levels seen in this place.
 G = Mean time per level.
                   A        B        C        D        E       F      G
               +--------+--------+--------+--------+--------+-----+--------+
         Total |   5388 |   4922 |    466 |   1118 |   2823 |   5 | 1077.6 |
       Dungeon |   5388 |   4922 |    466 |   1118 |   2823 |   5 | 1077.6 |
               +--------+--------+--------+--------+--------+-----+--------+

Top non-repeatable levels by time:
     D:4: 1798 daAuts
     D:3: 1645 daAuts
     D:2: 802 daAuts
     D:5: 573 daAuts
     D:1: 569 daAuts
